 Dungeon Crawl Stone Soup version 0.28-a0-2-g643f2454ad (webtiles) character file.

Game seed: 9044396555964822961

4 hatdisgam the Gusty (level 1, 0/10 HPs)
             Began as a Tengu Air Elementalist on July 23, 2021.
             Slain by a jackal (3 damage)
             ... on level 1 of the Dungeon.
             The game lasted 00:00:29 (109 turns).

hatdisgam the Gusty (Tengu Air Elementalist)         Turns: 109, Time: 00:00:30

Health: 0/10       AC:  2    Str:  8    XL:     1   Next: 70%
Magic:  0/4        EV: 12    Int: 15    God:
Gold:   0          SH:  0    Dex: 14    Spells: 3/4 levels left

rFire   . . .      SeeInvis .   (no weapon)
rCold   . . .      Faith    .   (no shield)
rNeg    . . .      Spirit   .   a - +0 robe
rPois   .          Reflect  .   (helmet restricted)
rElec   .          Harm     .   (no cloak)
rCorr   .          Rampage  .   (no gloves)
Will    .....                   (boots unavailable)
Stlth   ++........              (no amulet)
HPRegen 0.03/turn               (no ring)
MPRegen 0.09/turn               (no ring)

@: no status effects
A: beak, talons 3
a: no special abilities


You were on level 1 of the Dungeon.
You visited 1 branch of the dungeon, and saw 1 of its levels.

Inventory:

Armour
 a - a +0 robe (worn)
Scrolls
 c - a scroll of immolation {unknown}
Potions
 b - a potion of flight {unknown}
 d - a potion of berserk rage {unknown}


   Skills:
 - Level 2.1 Dodging
 - Level 2.0 Stealth
 + Level 2.0 Spellcasting
 * Level 1.8 Conjurations
 * Level 4.2 Air Magic


You had 3 spell levels left.
You knew the following spells:

 Your Spells              Type           Power      Damage    Failure   Level
a - Shock                 Conj/Air       40%        1d5       6%          1

Your spell library contained the following spells:

 Spells                   Type           Power      Damage    Failure   Level
 Static Discharge         Conj/Air       10%        N/A       10%         2
 Swiftness                Air            14%        N/A       12%         3
 Airstrike                Air            7%         N/A       36%         4


Dungeon Overview and Level Annotations

Branches:
Dungeon (1/15)

Altars:


Innate Abilities, Weirdness & Mutations

You have a beak for a mouth.
You have claws for feet.


Message History

A jackal comes into view.
The jackal moves out of view.
You see here a jackal corpse.
The jackal bites you.
Casting: Shock (safe; 7% risk of failure)
Confirm with . or Enter, or press ? or * to list all spells.
Aiming: Shock (safe; 7% risk of failure)
Press: ? - help, Shift-Dir - straight line, f/p - jackal
Aim: a jackal (almost dead, 60% to hit)
The zap hits the jackal.
You kill the jackal!
The zap misses the jackal.
Unknown command.
You hit the jackal but do no damage. Your kick misses the jackal.
The jackal bites you but does no damage.
The jackal bites you.
You hit the jackal.
The jackal is heavily wounded.
The jackal closely misses you.
The jackal barks!
You hit the jackal but do no damage. Your peck misses the jackal.
The jackal is heavily wounded.
The jackal bites you. The jackal barely misses you.
Casting: Shock (safe; 6% risk of failure)
Confirm with . or Enter, or press ? or * to list all spells.
Aiming: Shock (safe; 6% risk of failure)
Press: ? - help, Shift-Dir - straight line, f - jackal
Aim: a jackal (heavily wounded, 60% to hit)
The zap misses the jackal.
The zap hits the jackal.
The jackal is almost dead.
The jackal bites you but does no damage.
Unknown command.
You hit the jackal.
The jackal is almost dead.
The jackal bites you.
* * * LOW HITPOINT WARNING * * *
You completely miss the jackal.
The jackal is almost dead.
The jackal bites you.
You die...

# ....# ###.## ...#.#
.....>##..#.# #.......#.#
###.#.#.#.# #.#.....#
#.#h#...# #.#h#...#####
###.#####.#@#........
#...............####.
#######.#.#.#.#....#
.#.#.#.#.#.#...#.†....#.#
............##.#.(...## #
..#..........#.##.#..#
....#.......##....##.#
.#....#......####.# .#
........#...## .# .#


You could see 2 jackals.

Vanquished Creatures
  A hobgoblin (D:1)
  2 jackals (D:1)
  A frilled lizard (D:1)
4 creatures vanquished.

Notes
Turn   | Place    | Note
-------+----------+-------------------------------------------
     0 | D:1      | hatdisgam the Tengu Air Elementalist began the quest for
                  | the Orb.
     0 | D:1      | Reached XP level 1. HP: 10/10 MP: 4/4
   109 | D:1      | Slain by a jackal

Illustrated notes

Levels and vault maps discovered:
D:1:      co_arrival_square_in_a_square_in_a_square, layout_basic,
          dreamdust_ecumenical_altar_hidden_monk_grotto, roderic_malta_cross,
          minmay_ruptured

Action                   || total
-------------------------++-------
Melee: Unarmed           ||     5
 Cast: Shock             ||    10
Armor: Robe              ||     2
Dodge: Dodged            ||     2

Table legend: (Time is in decaauts)
 A = Elapsed time spent in this place.
 B = Non-inter-level travel time spent in this place.
 C = Inter-level travel time spent in this place.
 D = Time resting spent in this place.
 E = Time spent auto-exploring this place.
 F = Levels seen in this place.
 G = Mean time per level.
                   A        B        C        D        E       F      G
               +--------+--------+--------+--------+--------+-----+--------+
         Total |    109 |    109 |      0 |      0 |     75 |   1 |  109.0 |
       Dungeon |    109 |    109 |      0 |      0 |     75 |   1 |  109.0 |
               +--------+--------+--------+--------+--------+-----+--------+

Top non-repeatable levels by time:
     D:1: 109 daAuts
